 Dungeon Crawl Stone Soup version 0.28.0-45-g0d030f2227 (webtiles) character file.

Game seed: 13366315473235377186

206 RascalDebosk the Skirmisher (level 5, -1/44 HPs)
             Began as a Palentonga Fighter on Apr 16, 2022.
             Slain by a mummy (9 damage)
             ... in an ossuary.
             The game lasted 00:14:18 (2649 turns).

RascalDebosk the Skirmisher (Palentonga Fighter)    Turns: 2649, Time: 00:14:18

Health: -1/44      AC:  9    Str: 22    XL:     5   Next: 53%
Magic:  5/5        EV:  5    Int:  8    God:
Gold:   131        SH:  4    Dex:  9    Spells: 4/4 levels left

rFire   . . .      SeeInvis +   k - +1 hand axe (venom)
rCold   . . .      Faith    .   c - +0 buckler
rNeg    . . .      Spirit   .   h - +0 chain mail
rPois   .          Reflect  .   q - +0 helmet
rElec   .          Harm     .   (no cloak)
rCorr   .          Rampage  .   (no gloves)
Will    .....                   (no barding)
Stlth   ..........              (no amulet)
HPRegen 0.14/turn               (no ring)
MPRegen 0.09/turn               (no ring)

@: mighty
A: large, rugged brown scales 3, see invisible, deformed body, roll 1, armoured
tail
a: Rolling Charge


You were in an ossuary.
You visited 1 branch of the dungeon, and saw 4 of its levels.
You also visited: Ossuary.

You collected 131 gold pieces.

Inventory:

Hand Weapons
 a - a +0 war axe
 k - a +1 hand axe of venom (weapon)
 p - a +1 whip of draining
Missiles
 o - a boomerang
 u - 8 poisoned darts
Armour
 c - a +0 buckler (worn)
 h - a +0 chain mail (worn)
 q - a +0 helmet (worn)
Jewellery
 b - an amulet of magic regeneration
Scrolls
 e - 2 scrolls of fog
 g - 2 scrolls of teleportation
 j - 3 scrolls of identify
 m - a scroll of magic mapping
 n - a scroll of enchant armour {unknown}
 r - a scroll of enchant weapon {unknown}
 t - a scroll of fear {unknown}
Potions
 f - 2 potions of curing
 i - 2 potions of cancellation
 l - a potion of ambrosia
 s - a potion of heal wounds {unknown}
 v - a potion of degeneration {unknown}


   Skills:
 + Level 3.7 Fighting
 + Level 2.8 Axes
 + Level 1.3 Throwing
 + Level 3.0 Armour
 + Level 3.1 Shields
 + Level 1.6 Evocations


You had 4 spell levels left.
You didn't know any spells.
Your spell library contained the following spells:

 Spells                   Type           Power      Damage    Failure   Level
 Summon Guardian Golem    Hex/Summ       0%         N/A       100%        3
 Orb of Destruction       Conj           0%         9d5       100%        7
 Spellforged Servitor     Conj/Summ      0%         N/A       100%        7


Dungeon Overview and Level Annotations

Branches:
Dungeon (4/15)            Ossuary (1/1)
 Temple: D:4-7

Altars:

Annotations:
D:3 2 transporters, Zwisch's ghost, amateur MiFi


Innate Abilities, Weirdness & Mutations

You are completely covered in rugged brown scales. (AC +3, +7% HP)
You have supernaturally acute eyesight. (SInv)
Armour fits poorly on your strangely shaped body.
You can roll at nearby foes to attack.
You have a long armoured tail.


Message History

You hear the slow hiss of an avalanche of sand.
You start resting.
You hear the hiss of an avalanche of sand.
You start resting.
HP restored.
The world spins around you as you enter the gateway.
You enter an ossuary!
Found a gate leading back out of this place.
There is an empty arch of ancient stone here.
You hit the mummy.
The mummy is lightly damaged.
You hit the mummy.
The mummy is moderately damaged.
The mummy hits you!
You hit the mummy but do no damage.
The mummy is moderately damaged.
You hit the mummy. You hit the mummy but do no damage.
The mummy hits you but does no damage. The mummy hits you.
The mummy hits you but does no damage.
You hit the mummy.
The mummy is heavily damaged.
You hit the mummy. You barely miss the mummy. You slash the centaur zombie!
The centaur zombie hits you. The centaur zombie barely misses you.
You block the mummy's attack. The mummy hits you but does no damage.
You barely miss the mummy.
You tail-slap the mummy, but do no damage.
The mummy is heavily damaged.
You hit the mummy. x2; You hit the centaur zombie.
The centaur zombie hits you.
The centaur zombie kicks you but does no damage.
The mummy hits you!
* * * LOW HITPOINT WARNING * * *
The centaur zombie hits you.
* * * LOW HITPOINT WARNING * * *
The centaur zombie kicks you.
* * * LOW HITPOINT WARNING * * *
You feel very mighty all of a sudden. The centaur zombie barely misses you.
The centaur zombie completely misses you.
The mummy closely misses you. You block the mummy's attack. The mummy hits you!
You die...

.......
#..^^^#
#.....#
#.....#
#..∩..#
#.....#
#..∩..#
#...Z.#
#..M@.#
#..MM.#
#.....#
##...##
#####


You could see 3 mummies and a centaur zombie.

Vanquished Creatures
  Terence (D:2)
  A hound skeleton (D:4)
  A mummy (D:4)
  4 gnolls (D:3)
  3 adders (D:3)
  2 ufetubi
  2 dart slugs
  5 orcs (D:3)
  4 ball pythons
  5 bats
  3 endoplasms
  6 giant cockroaches
  A goblin (D:1)
  7 hobgoblins
  3 jackals (D:1)
  6 kobolds
  7 quokkas
  4 frilled lizards
  6 rats
71 creatures vanquished.

Vanquished Creatures (others)
  18 plants (D:3)
18 creatures vanquished.

Grand Total: 89 creatures vanquished

Notes
Turn   | Place    | Note
-------+----------+-------------------------------------------
     0 | D:1      | RascalDebosk the Palentonga Fighter began the quest for the
                  | Orb.
     0 | D:1      | Reached XP level 1. HP: 19/19 MP: 1/1
   129 | D:1      | Reached XP level 2. HP: 23/25 MP: 2/2
   441 | D:1      | Reached XP level 3. HP: 31/31 MP: 3/3
   932 | D:2      | Noticed Terence
   936 | D:2      | Killed Terence
  1216 | D:2      | Reached skill level 1 in Evocations
  1545 | D:3      | Reached skill level 1 in Throwing
  1545 | D:3      | Reached XP level 4. HP: 28/37 MP: 4/4
  1862 | D:3      | Reached XP level 5. HP: 36/43 MP: 5/5
  2304 | D:3      | Noticed Zwisch's ghost (amateur MiFi)
  2306 | D:3      | Found a transporter.
  2321 | D:3      | Found a transporter.
  2509 | D:4      | Found a sand-covered staircase.
  2641 | Ossuary  | Entered an ossuary
  2649 | Ossuary  | Slain by a mummy

Illustrated notes

Levels and vault maps discovered:
D:1:      saegor_arrival_simple_d, layout_rooms
D:2:      layout_loops_ring, uniq_terence
D:3:      layout_basic, gammafunk_ghost_arena, st_stairs_14,
          serial_bayou_lagoon_a, wad_rectangle_vault
D:4:      layout_rooms, gup_ossuary_entry_pyramid, grunt_ministairs_11,
          uniq_pikel
Ossuary:  ossuary_the_hunt_dpeg

Skill      XL: |  1  2  3  4  5 |
---------------+----------------+-----
Evocations     | 1 |  1.6
Throwing       | 1 |  1.3
Armour         | 3 |  3.0
Shields        | 3 |  3.1
Fighting       | |  3.7
Axes           | |  2.8

Action                   |  1- 3 |  4- 6 || total
-------------------------+-------+-------++-------
Melee: War axe           |    60 |       ||    60
       Tailslap          |     6 |     9 ||    15
       Hand axe          |    13 |   103 ||   116
 Abil: Rolling Charge    |     3 |     1 ||     4
  Use: Scroll            |       |     6 ||     6
       Potion            |       |     1 ||     1
Armor: Scale mail        |    12 |       ||    12
       Chain mail        |    43 |    71 ||   114
Dodge: Dodged            |    23 |    36 ||    59
Block: Buckler           |    13 |    21 ||    34
